 Dungeon Crawl Stone Soup version 0.19-a0-1401-g902f63d (webtiles) character file.

14 4thArraOfDagon the Chiller (level 2, -1/24 HPs)
             Began as a Troll Ice Elementalist on Sept 4, 2016.
             Slain by a worker ant (3 damage)
             ... on level 4 of the Dungeon.
             The game lasted 00:00:56 (174 turns).

4thArraOfDagon the Chiller (Troll Ice Elementalist)  Turns: 174, Time: 00:00:57

Health: -1/24      AC:  5    Str: 15    XL:     2   Next: 27%
Magic:  2/2        EV: 10    Int: 11    God:
Gold:   49         SH:  0    Dex: 10    Spells: 1 memorised, 2 levels left

rFire  . . .     SeeInvis .       - Unarmed
rCold  . . .     Gourm    +     a - +0 robe
rNeg   . . .     Faith    .     (no shield)
rPois  .         Spirit   .     (helmet restricted)
rElec  .         Dismiss  .     (no cloak)
rCorr  .         Reflect  .     (gloves unavailable)
MR     .....     Harm     .     (boots unavailable)
Stlth  +.........               (no amulet)
                                (no ring)
                                (no ring)

@: lethally poisoned (-1 -> -2)
A: unfitting armour, claws 3, fast metabolism 3, gourmand, regeneration 1,
shaggy fur 1, tough skin 2
a: no special abilities


You were on level 4 of the Dungeon.
You were not hungry.

You visited 1 branch of the dungeon, and saw 4 of its levels.

You collected 49 gold pieces.

Inventory:

Armour
 a - a +0 robe (worn)
Books
 b - a book of Frost

   Spells                             Type                      Level
   a - Freeze                         Ice                          1
   b - Throw Frost                    Conjuration/Ice              2
   c - Ozocubu's Armour               Charms/Ice                   3
   d - Throw Icicle                   Conjuration/Ice              4
   e - Summon Ice Beast               Ice/Summoning                4
Comestibles
 c - 3 bread rations
 d - a slice of pizza


   Skills:
 - Level 1.5 Dodging
 - Level 1.1 Stealth
 * Level 2.0 Unarmed Combat
 - Level 1.2 Spellcasting
   Level 0.6 Conjurations
 - Level 2.1 Ice Magic


You had 2 spell levels left.
You knew the following spells:

 Your Spells              Type           Power        Failure   Level  Hunger
a - Freeze                Ice            #...         14%         1    ##.....


Dungeon Overview and Level Annotations

Branches:
Dungeon (4/15)
 Temple: D:4-7

Altars:
Trog


Innate Abilities, Weirdness & Mutations

You are too large for most types of armour.
You have claws for hands.
Your metabolism is lightning-fast.
You like to eat raw meat.
Your natural rate of healing is unusually fast.
You are covered in fur. (AC +1)
You have very tough skin. (AC +2)


Message History

The worker ant is almost dead.
You feel sick. The worker ant barely misses you. x2
Unknown command.
Unknown command.
Unknown command.
You aren't carrying any potions.
You barely miss the worker ant.
The worker ant is almost dead.
You feel sick. The worker ant closely misses you.
Unknown command.
Unknown command.
You closely miss the worker ant.
The worker ant is almost dead.
The worker ant bites you but does no damage.
Unknown command.
Unknown command.
You barely miss the worker ant.
The worker ant is almost dead.
You feel sick. The worker ant bites you.
You die...

........# #.....#
........# #.....#..
........######.....#..
#######...............
..................#..
######...............
.................>.
####.###.##.......#
#.# #.#.@.###... ...
..+.a....... .#.
##.#......... #.
......##...? .....)#
.... ....### ... .....
.. ......


You could see a worker ant.

Vanquished Creatures
  An ooze (D:1)
  3 goblins
  A hobgoblin (D:3)
  A bat (D:1)
  2 giant newts (D:1)
  A kobold (D:3)
  A rat (D:1)
10 creatures vanquished.

Notes
Turn   | Place    | Note
-------+----------+-------------------------------------------
     0 | D:1      | 4thArraOfDagon the Troll Ice Elementalist began the quest for the Orb.
     0 | D:1      | Reached XP level 1. HP: 16/16 MP: 1/1
    34 | D:1      | Reached skill level 1 in Unarmed Combat
    48 | D:1      | Reached XP level 2. HP: 17/24 MP: 2/2
    60 | D:2      | Found a bloodstained altar of Trog.
    60 | D:2      | Noticed a moth of wrath
   174 | D:4      | Slain by a worker ant

Vault maps used:
D:1:      tarquinn_simple_flora_water_f
D:2:      minmay_diamond_boxcup, tgw_trog
D:3:      good_gods_temple_1, grunt_gozag_statues, kennysheep_vampire_church,
          first_bread, serial_co_window_serial, co_window_paths_a,
          co_window_paths_a, co_window_of_opportunity_a, co_window_corner_a,
          co_window_corner_a, co_window_cross_1, co_window_2corner,
          co_window_corner_ca, co_window_corner_b, co_window_4corner_a,
          co_window_4corner_b, glass_columns_b, glass_columns_a,
          glass_columns_a, glass_columns_a, glass_columns_a
D:4:      lemuel_doored_altar

Skill      XL: |  1  2 |
---------------+-------+-----
Unarmed Combat | 1 2 |  2.0
Dodging        | |  1.5
Stealth        | |  1.1
Spellcasting   | |  1.2
Conjurations   | |  0.6
Ice Magic      | |  2.1

Action                   || total
-------------------------++-------
Melee: Unarmed           ||    44
Armor: Robe              ||    15
Dodge: Dodged            ||    35
